 Dungeon Crawl Stone Soup version 0.30-a0-377-g5cb311bc9f (webtiles) character file.

Game seed: 11396555633975430920

45 Ottie3000 the Grave Robber (level 3, -1/25 HPs)
             Began as a Human Necromancer on Nov 27, 2022.
             Slain by a gnoll
             ... wielding a +0 whip
              (5 damage)
             ... on level 3 of the Dungeon.
             The game lasted 00:20:28 (2862 turns).

Ottie3000 the Grave Robber (Human Necromancer)      Turns: 2862, Time: 00:20:29

Health: -1/25      AC:  6    Str: 10    XL:     3   Next: 90%
Magic:  5/6        EV: 10    Int: 15    God:
Gold:   100        SH:  0    Dex: 13    Spells: 5/6 levels left

rFire   . . .      SeeInvis .    k - +1 dagger (venom)
rCold   . . .      Faith    .    (no shield)
rNeg    . . .      Spirit   .    e - +0 ring mail
rPois   .          Reflect  .    (no helmet)
rElec   .          Harm     .    (no cloak)
rCorr   .          Rampage  .    h - +0 pair of gloves
Will    .....                    (no boots)
Stlth   +.........               (no amulet)
HPRegen 0.24/turn                (no ring)
MPRegen 0.10/turn                (no ring)

@: very slightly contaminated
A: no striking features
a: no special abilities


You were on level 3 of the Dungeon.
You visited 1 branch of the dungeon, and saw 3 of its levels.

You collected 100 gold pieces.

Inventory:

Hand Weapons
 c - a +0 trident
 k - a +1 dagger of venom (weapon)
Armour
 a - a +0 robe
 e - a +0 ring mail (worn)
 h - a +0 pair of gloves (worn)
Scrolls
 f - a scroll of amnesia
 i - a scroll of identify
 j - a scroll of magic mapping {unknown}
 n - a scroll of teleportation {unknown}
Potions
 b - 2 potions of magic
 d - 3 potions of lignification {unknown}
 g - 2 potions of cancellation {unknown}
 l - a potion of brilliance {unknown}
 m - a potion of heal wounds {unknown}


   Skills:
 + Level 0.5 Fighting
 + Level 1.6 Polearms
 + Level 1.3 Armour
 + Level 2.0 Dodging
 + Level 2.2 Stealth
 + Level 2.0 Spellcasting
 + Level 4.3 Necromancy


You had 5 spell levels left.
You knew the following spells:

 Your Spells              Type           Power      Damage    Failure   Level
a - Necrotise             Necr           56%        1d6       10%         1

Your spell library contained the following spells:

 Spells                   Type           Power      Damage    Failure   Level
 Vampiric Draining        Necr           14%        2d7       28%         3
 Animate Dead             Necr           14%        N/A       67%         4
 Dazzling Flash           Conj/Hex       2%         N/A       86%         3
 Agony                    Necr           14%        N/A       95%         5
 Silence                  Hex/Air        0%         N/A       100%        5


Dungeon Overview and Level Annotations

Branches:
Dungeon (3/15)

Altars:


Message History

The gnoll hits you but does no damage.
You hit the gnoll.
The gnoll looks as sick as possible!
The gnoll is lightly wounded.
The gnoll hits you with a +0 club.
You closely miss the gnoll.
The gnoll is moderately wounded.
The gnoll barely misses you. The gnoll closely misses you.
You hit the gnoll but do no damage.
The gnoll looks as sick as possible!
The gnoll is severely wounded.
The gnoll barely misses you. The gnoll hits you but does no damage.
You hit the gnoll.
You kill the gnoll!
The gnoll hits you with a +0 whip. The gnoll barely misses you.
Casting: Necrotise (safe; 10% risk of failure)
Confirm with . or Enter, or press ? or * to list all spells.
Aiming: Necrotise (safe; 10% risk of failure)
Press: ? - help, Shift-Dir - straight line, f - gnoll
Aim: a gnoll, wielding a +0 flail (chance to affect: 78%)
You miscast Necrotise.
You are very lightly contaminated with residual magic.
Nothing appears to happen.
The rat bites you but does no damage. The gnoll hits you but does no damage.
The gnoll hits you with a +0 flail!
* * * LOW HITPOINT WARNING * * *
Okay, then.
This spell is extremely dangerous to cast!
Memorise Vampiric Draining, consuming 3 spell levels and leaving 2?
The rat bites you but does no damage.
Your memorisation is interrupted.
The gnoll hits you with a +0 whip.
* * * LOW HITPOINT WARNING * * *
The gnoll hits you but does no damage.
Casting: Necrotise (safe; 10% risk of failure)
Confirm with . or Enter, or press ? or * to list all spells.
You don't know that spell.
Casting: Necrotise (safe; 10% risk of failure)
Confirm with . or Enter, or press ? or * to list all spells.
Okay, then.
The rat bites you but does no damage.
There is a stone staircase leading up here.
The rat barely misses you. The gnoll hits you with a +0 whip.
You die...

##.#..........#
...............
..........?...
.........!..#
#...........
#.........#
##...r.....#
#...@gg...#
###......##
#...#...#
#.#........
#.#........
#.#........
#.#...?....
#..........


You could see 2 gnolls and a rat.

Vanquished Creatures
  A gnoll (D:3)
  3 endoplasms
  2 goblins
  4 hobgoblins
  6 jackals
  3 ball pythons
  6 bats
  5 frilled lizards
  A kobold (D:1)
  2 rats
33 creatures vanquished.

Notes
Turn   | Place    | Note
-------+----------+-------------------------------------------
     0 | D:1      | Ottie3000 the Human Necromancer began the quest for the
                  | Orb.
     0 | D:1      | Reached XP level 1. HP: 13/13 MP: 3/3
   600 | D:1      | Reached XP level 2. HP: 16/19 MP: 5/5
   817 | D:1      | Reached skill level 1 in Polearms
  1690 | D:2      | Reached skill level 1 in Armour
  1690 | D:2      | Reached XP level 3. HP: 24/24 MP: 6/6
  2862 | D:3      | Slain by a gnoll

Illustrated notes

Levels and vault maps discovered:
D:1:      minmay_arrival_four_houses, layout_basic, serial_co_window_serial,
          co_window_paths_b, co_window_paths_a, co_window_corner_a,
          co_window_corner_a, co_window_corner_a, co_window_corner_a,
          co_window_paths_c, co_window_broadway_b, co_window_paths_c,
          co_window_2corner, co_window_4corner_a, glass_columns_a,
          glass_columns_b
D:2:      layout_loops_cross
D:3:      layout_rooms, grunt_temple_overflow_order_and_chaos_2, tgw_fedhas,
          uniq_ijyb, uniq_robin

Skill      XL: |  1  2 |
---------------+-------+-----
Polearms       | 1 |  1.6
Armour         | 1 |  1.3
Fighting       | |  0.5
Dodging        | |  2.0
Stealth        | |  2.2
Spellcasting   | |  2.0
Necromancy     | |  4.3

Action                   || total
-------------------------++-------
Melee: Trident           ||    77
       Dagger            ||    21
       Punch             ||     1
  Use: Scroll            ||     2
 Stab: Sleeping          ||     1
Armor: Ring mail         ||    60
       Robe              ||     2
Dodge: Dodged            ||    66

Table legend: (Time is in decaauts)
 A = Elapsed time spent in this place.
 B = Non-inter-level travel time spent in this place.
 C = Inter-level travel time spent in this place.
 D = Time resting spent in this place.
 E = Time spent auto-exploring this place.
 F = Levels seen in this place.
 G = Mean time per level.
                   A        B        C        D        E       F      G
               +--------+--------+--------+--------+--------+-----+--------+
         Total |   2882 |   2832 |     50 |    278 |      0 |   3 |  960.7 |
       Dungeon |   2882 |   2832 |     50 |    278 |      0 |   3 |  960.7 |
               +--------+--------+--------+--------+--------+-----+--------+

Top non-repeatable levels by time:
     D:1: 1701 daAuts
     D:2: 1167 daAuts
     D:3: 13 daAuts
